 Dungeon Crawl Stone Soup version 0.31.0-9-g3a7656b989 (webtiles) character file.

Game seed: 12844473833860516403

102 qw the Shooter (level 4, -3/22 HPs)
             Began as a Spriggan Hunter on Feb 2, 2024.
             Slain by a gnoll
             ... wielding a +0 spear
              (7 damage)
             ... on level 2 of the Dungeon.
             The game lasted 00:00:03 (1010 turns).

qw the Shooter (Spriggan Hunter)                    Turns: 1010, Time: 00:00:04

Health: -3/22      AC:  2    Str:  7    XL:     4   Next: 49%
Magic:  5/5        EV: 20    Int: 10    God:
Gold:   132        SH:  0    Dex: 20    Spells: 3/3 levels left

rFire   . . .        a - +0 shortbow
rCold   . . .        (shield currently unavailable)
rNeg    . . .        c - +0 robe
rPois   .            (helmet restricted)
rElec   .            (no cloak)
rCorr   .            (gloves unavailable)
SInv    +            (boots unavailable)
Will    .....        (no amulet)
Stlth   ++           (no ring)
HPRegen 0.23/turn    (no ring)
MPRegen 0.09/turn

%: no passive effects
@: about to teleport, very quick
A: very small, no large weapons, unfitting armour, see invisible, speed 3
a: no special abilities


You were on level 2 of the Dungeon.
You visited 1 branch of the dungeon, and saw 2 of its levels.

You collected 132 gold pieces.


Innate Abilities, Weirdness & Mutations

You are very small and have problems with some larger weapons.
You are too small for most types of armour.
You have supernaturally acute eyesight. (SInv)
You cover ground extremely quickly. (Speed+++)


   Skills:
 + Level 1.5 Fighting
 - Level 5.0 Ranged Weapons
 - Level 5.0 Dodging
 - Level 1.5 Stealth


You had 3 spell levels left.
You didn't know any spells.
Your spell library was empty.

Inventory:

Hand Weapons
 a - a +0 shortbow (weapon)
Armour
 c - a +0 robe (worn)
Jewellery
 b - a +6 ring of strength
Scrolls
 d - a scroll of fog {unknown}
 e - a scroll of amnesia {unknown}
 f - a scroll of teleportation
 g - 2 scrolls of enchant armour {unknown}

Dungeon Overview and Level Annotations

Branches:
Dungeon (2/15)

Altars:


Message History

A gnoll comes into view. It is wielding a +0 spear.
The gnoll completely misses you.
You shoot an arrow. The arrow barely misses the gnoll.
The gnoll shouts!
The gnoll barely misses you. The gnoll closely misses you.
You shoot an arrow. The arrow hits the gnoll.
The gnoll is heavily wounded.
The gnoll hits you from afar with a +0 spear.
You shoot an arrow. The arrow hits the gnoll!
You kill the gnoll!
A gnoll comes into view. It is wielding a +0 spear.
A gnoll comes into view. It is wielding a +0 halberd.
The gnoll misses you.
You shoot an arrow. The arrow closely misses the gnoll.
The gnoll shouts!
The gnoll completely misses you.
You shoot an arrow. The arrow closely misses the gnoll.
The gnoll hits you from afar with a +0 spear.
You shoot an arrow. The arrow hits the gnoll!
The gnoll is severely wounded.
The gnoll barely misses you. The gnoll completely misses you.
You shoot an arrow. The arrow barely misses the gnoll.
The arrow hits the plant!
The plant begins to die.
The plant is lightly damaged.
The gnoll misses you.
You shoot an arrow. The arrow hits the gnoll.
You kill the gnoll!
The gnoll closely misses you.
The gnoll hits you from afar with a +0 spear.
Your Dodging skill increases to level 5!
You shoot an arrow. The arrow hits the gnoll!
The gnoll is heavily wounded.
The gnoll hits you from afar with a +0 spear.
The gnoll barely misses you.
1010 ||| READING 2 scrolls of teleportation.
As you read the scroll of teleportation, it crumbles to dust.
You feel strangely unstable.
A nearby plant withers and dies.
The gnoll hits you from afar with a +0 spear!
You die...

####.####
#.......######.
####.##.##........
...#.##.....###
.#..######..# #####
.#)..##.....# #.....
......##....## #....(#
.#.#...##....# ##.g.....
.#.##...####.###@)).....
...###.........#.PP.)...
#### #^_)....#....g.PP..
# ##.......###........ #
##...###### #).......
####...### #.......P
##....##.##### #........
##...##......###|.......
....##..................


You could see 2 gnolls.

Vanquished Creatures
  Terence (D:2)
  4 gnolls (D:2)
  2 dart slugs (D:1)
  2 endoplasms
  2 giant cockroaches
  2 goblins (D:1)
  4 hobgoblins (D:1)
  4 jackals (D:1)
  3 quokkas (D:1)
  4 ball pythons (D:1)
  2 bats
  2 frilled lizards (D:1)
  5 kobolds
  3 rats
40 creatures vanquished.

Notes
Turn   | Place    | Note
-------+----------+-------------------------------------------
     0 | D:1      | qw the Spriggan Hunter began the quest for the Orb.
     0 | D:1      | Reached XP level 1. HP: 10/10 MP: 2/2
     0 | D:1      | 0 ||| qw: Version: 0.3-a-155-g5e7d8dd
     0 | D:1      | 0 ||| qw: Game counter: 2146
     0 | D:1      | 0 ||| qw: Melee chars always use a shield: true
     0 | D:1      | 0 ||| qw: God list: Okawaru
     0 | D:1      | 0 ||| qw: Allow faded altars: false
     0 | D:1      | 0 ||| qw: Do Orc after clearing Dungeon:15 true
     0 | D:1      | 0 ||| qw: Do second Lair branch before Depths: true
     0 | D:1      | 0 ||| qw: Lair rune preference: random
     0 | D:1      | 0 ||| qw: Goals: Normal
     0 | D:1      | 0 ||| PLANNING D:1-11
    52 | D:1      | Reached skill level 3 in Dodging
    96 | D:1      | Reached XP level 2. HP: 14/14 MP: 3/3
   365 | D:1      | Reached XP level 3. HP: 5/18 MP: 4/4
   766 | D:1      | 766 ||| READING scroll labelled LUMMUE PISODWA.
   767 | D:1      | 767 ||| READING scroll labelled KUITOR SELUGG.
   767 | D:1      | 767 ||| IDENTIFYING 2 scrolls labelled RIVOYCZ GEURGH
   768 | D:1      | 768 ||| DROPPING scroll of butterflies.
   827 | D:2      | Found a faded altar of an unknown god.
   845 | D:2      | Noticed Terence
   853 | D:2      | Killed Terence
   991 | D:2      | Reached XP level 4. HP: 22/22 MP: 5/5
  1009 | D:2      | HP: 4/22 [gnoll/+0 spear (3)]
  1010 | D:2      | 1010 ||| READING 2 scrolls of teleportation.
  1010 | D:2      | Slain by a gnoll

Levels and vault maps discovered:
D:1:      heliophobic_arrival_henge, layout_loops_ring, minmay_strange_pillars
D:2:      layout_loops_cross, hellmonk_ecumenical_altar_crossroads,
          nicolae_grassy_gnolls, uniq_terence

Skill      XL: |  1  2  3  4 |
---------------+-------------+-----
Dodging        | 3 4 5 |  5.0
Ranged Weapons | 5 |  5.0
Fighting       | |  1.5
Stealth        | |  1.5

Action                     |  1- 3 |  4- 6 || total
---------------------------+-------+-------++-------
   Fire: Shortbow          |    94 |    14 ||   108
    Use: Scroll            |     2 |     1 ||     3
 Armour: Robe              |     6 |     5 ||    11
  Dodge: Dodged            |    34 |    11 ||    45

Table legend:
 A = Non-vault XP
 B = Vault XP
 C = Vault XP percentage of total XP
 D = Non-vault monster count
 E = Vault monster count
 F = Vault count percentage of total count
                 A         B        C        D         E       F
            +---------+---------+-------+---------+---------+-------
      Total |      87 |      59 |  40.4 |      37 |       3 |   7.5
            +---------+---------+-------+---------+---------+-------
        D:1 |      50 |       0 |   0.0 |      28 |       0 |   0.0
        D:2 |      37 |      59 |  61.5 |       9 |       3 |  25.0
            +---------+---------+-------+---------+---------+-------
